 Dungeon Sprint DCSS version 0.18-a0-1-gfac8111 (webtiles) character file.

15140 HaroldButt the Fencer (level 11, -7/117 HPs)
             Began as a Minotaur Berserker on Oct 30, 2015.
             Was the Champion of Trog.
             Killed from afar by an ice dragon (illusionary) (10 damage)
             ... with a blast of cold
             ... in the Dungeon (Sprint IX: "|||||||||||||||||||||||||||||").
             The game lasted 00:14:27 (1994 turns).

HaroldButt the Fencer (Minotaur Berserker)          Turns: 1994, Time: 00:14:28

Health: -7/117     AC: 26    Str: 22    XL:     11   Next: 97%
Magic:  11/11      EV: 14    Int:  4    God:    Trog [******]
Gold:   215        SH:  0    Dex: 13    Spells: 0 memorised, 10 levels left

rFire  + . .     SeeInvis .     w - +1 double sword
rCold  + . .     Clarity  .     I - +3 plate armour {rC+}
rNeg   . . .     SustAt   .     (no shield)
rPois  .         Gourm    .     (helmet restricted)
rElec  .         Spirit   .     D - +0 cloak
rCorr  .         Warding  .     n - +0 pair of gloves
rMut   .         NoTele   +     C - +0 pair of boots
MR     +....                    (no amulet)
Stlth  ..........               b - ring of protection from fire
                                a - ring of protection from magic

@: exhausted, slowed, very slow, somewhat resistant to hostile enchantments,
extremely unstealthy
A: retaliatory headbutt, horns 2, high mp 1, wild magic 1
a: Berserk, Trog's Hand, Brothers in Arms, Burn Spellbooks, Renounce Religion


You were in the Dungeon.
You worshipped Trog.
Trog was exalted by your worship.
You were not hungry.

You visited 1 branch You collected 1900 gold pieces.
You spent 1685 gold pieces at shops.

Inventory:

Hand Weapons
 r - a +5 great sword of freezing
 w - a +1 double sword (weapon)
 F - a +4 antimagic great sword
Armour
 n - a +0 pair of gloves (worn)
 z - a +1 pair of gloves
 C - a +0 pair of boots (worn)
 D - a +0 cloak (worn)
 G - a +0 plate armour
 H - a +1 cloak
 I - a +3 plate armour of cold resistance (worn)
Jewellery
 a - a ring of protection from magic (left hand)
 b - a ring of protection from fire (right hand)
 m - an uncursed ring of see invisible
 o - an uncursed ring of poison resistance
 p - a +3 ring of dexterity
 q - a +3 ring of dexterity
 L - an uncursed ring of protection from fire
Wands
 l - a wand of draining (7)
Scrolls
 i - 4 scrolls of blinking
 k - a scroll of remove curse
 x - 2 scrolls of enchant armour
 y - 2 scrolls of recharging
 A - a scroll of fog
 J - 2 scrolls of enchant weapon
 K - a scroll of fear
Potions
 d - 7 potions of curing
 e - 5 potions of heal wounds
 f - 2 potions of haste
 g - 4 potions of magic
 h - 2 potions of berserk rage
 j - 2 potions of invisibility
 s - a potion of resistance
 t - a potion of might
 u - a potion of agility
 E - 2 potions of brilliance
Comestibles
 c - 13 bread rations
 v - 13 meat rations
 B - 38 fruits


   Skills:
 + Level 17.4 Fighting
 + Level 18.6 Long Blades
 + Level 17.0 Armour
 + Level 15.8 Dodging


You had 10 spell levels left.
You didn't know any spells.

Dungeon Overview and Level Annotations

Branches:
Dungeon (1/1)

Altars:
Cheibriados
Dithmenos
Elyvilon
Fedhas
Gozag
Kikubaaqudgha
Makhleb
Nemelex Xobeh
Okawaru
Qazlal
Ru
Sif Muna
Trog
Vehumet
Xom
Yredelemnul
Zin
The Shining One
Beogh
Jiyva
Lugonu

Shops:
D *!}=


Innate Abilities, Weirdness & Mutations

You reflexively headbutt those who attack you in melee.
You have a pair of horns on your head.
You have an increased reservoir of magic (+10% MP).
Your spells are a little harder to cast, but a little more powerful.


Message History

You hit the rakshasa.
The rakshasa is heavily wounded.
Your deep troll bites the deep troll earth mage.
The deep troll earth mage dies!
Trog accepts your kill. Something appears at your feet! Trog grants you a gift!
Trog appreciates your killing of a magic user.
Your Armour skill increases to level 17!
The ice dragon breathes frost at you. The blast of cold hits your deep troll.
Your deep troll dies!
Your deep troll's corpse disappears in a puff of smoke!
The blast of cold hits you! You resist.
* * * LOW HITPOINT WARNING * * *
The rakshasa closely misses you. The ice dragon breathes frost at you.
The blast of cold hits the ice dragon.
The ice dragon resists.
The blast of cold hits you! You resist.
You die...

,*,*,*,*,*,*,*,▓.▓.▓.▓.▓'▓.▓.▓
,*,*,*,*,*,*,*,▓.▓.▓)▓.▓.▓.▓.▓
,*,*,*,*,*,*,*,▓.▓.▓∩▓.▓.▓.▓.▓
,*,*,*,*,*,*,*,▓.▓.▓(▓.▓[▓.▓.▓
,*,*,*,*,*,*,*,▓D▓.▓∩▓.▓(▓.▓)▓
+*,*,*,*,*,*,*,▓D▓.▓[▓)▓.▓.▓)▓
,*,*,*,*,*,*,*,▓†▓.▓∩▓.▓.▓.▓[▓
,*,*,*,*,*,*,*,▓§▓.▓.▓.▓†▓.▓.▓
,*,*,*,*,*,*,*,▓@▓.▓∩▓.▓.▓.▓.▓
,*,*,*,*,*,*+*,▓R▓.▓)▓.▓.▓.▓[▓
,*,*,*,*,*,*,*,▓)▓.▓)▓.▓)▓.▓.▓
,*,*,*,*,*,*,*,▓)▓.▓)▓.▓†▓.▓)▓
,*,*,*,*,*,*,*,▓)▓.▓)▓.▓†▓.▓|▓
,*,*,*,*,*,*,*,▓(▓.▓)▓.▓'▓.▓?▓
,*,*,*,*,*,*,*,▓.▓.▓)▓.▓.▓.▓.▓
,*,*,*,*,*,*,*,▓.▓.▓.▓.▓.▓.▓'▓
,*,*,*,*,*,*,*,▓.▓.▓.▓.▓.▓.▓_▓


You could see 2 ice dragons and a rakshasa.

Vanquished Creatures
  A very ugly thing (D)
  A centaur warrior (D)
  A hydra (D)
  2 orc high priests (D)
  A skeletal warrior (D)
  2 lindwurms (D)
  A hill giant (D)
  2 orc sorcerers (D)
  4 orc knights (D)
  2 black mambas (D)
  A gargoyle (D)
  2 spiny frogs (D)
  A tengu conjurer (D)
  2 komodo dragons (D)
  A fire drake (D)
  A troll (D)
  A yak (shapeshifter) (D)
  2 yaks (D)
  Eustachio (D)
  3 porcupines (D)
  3 water moccasins (D)
  A sky beast (D)
  A black bear (D)
  An ogre (D)
  8 orc warriors (D)
  An eye of draining (D)
  A crocodile (D)
  4 brain worms (D)
  2 giant frogs (D)
  2 crimson imps (D)
  A hound (D)
  3 orc wizards (D)
  3 orc priests (D)
  An iguana (D)
  A gnoll shaman (D)
  2 worker ants (D)
  A river rat (D)
  A shadow imp (D)
  2 worms (D)
  A giant gecko (D)
  13 orcs (D)
  A bat skeleton (D)
  2 giant cockroaches (D)
  A ball python zombie (D)
  A jackal skeleton (D)
  A kobold (D)
  A rat (D)
92 creatures vanquished.

Vanquished Creatures (collateral kills)
  An orc high priest (D)
  A deep troll earth mage (D)
  2 orc knights (D)
  An orc sorcerer (D)
  An orc (D)
6 creatures vanquished.

Grand Total: 98 creatures vanquished

Notes
Turn   | Place    | Note
--------------------------------------------------------------
     0 | D        | HaroldButt the Minotaur Berserker began the quest for the Orb.
     0 | D        | Reached XP level 1. HP: 19/19 MP: 0/0
     5 | D        | Reached skill level 4 in Fighting
    15 | D        | Reached ** piety under Trog
    86 | D        | Noticed a crimson imp
    86 | D        | Noticed a gnoll shaman
    88 | D        | Reached *** piety under Trog
    88 | D        | Reached skill level 5 in Fighting
    88 | D        | Reached XP level 2. HP: 29/29 MP: 1/1
    90 | D        | Reached skill level 5 in Long Blades
    95 | D        | Killed a gnoll shaman
    95 | D        | Reached skill level 7 in Long Blades
    95 | D        | Reached XP level 3. HP: 33/36 MP: 2/2
   101 | D        | Killed a crimson imp
   101 | D        | Reached **** piety under Trog
   101 | D        | Reached skill level 9 in Long Blades
   101 | D        | Reached XP level 4. HP: 33/42 MP: 3/3
   112 | D        | Found a glowing silver altar of Zin.
   112 | D        | Found a glowing golden altar of the Shining One.
   112 | D        | Found an ancient bone altar of Kikubaaqudgha.
   112 | D        | Found a basalt altar of Yredelemnul.
   112 | D        | Found a shimmering altar of Xom.
   112 | D        | Found a radiant altar of Vehumet.
   113 | D        | Found an iron altar of Okawaru.
   114 | D        | Found a burning altar of Makhleb.
   115 | D        | Found a deep blue altar of Sif Muna.
   116 | D        | Found a bloodstained altar of Trog.
   117 | D        | Found a sparkling altar of Nemelex Xobeh.
   118 | D        | Found a white marble altar of Elyvilon.
   119 | D        | Found a roughly hewn altar of Beogh.
   120 | D        | Found a viscous altar of Jiyva.
   121 | D        | Found a corrupted altar of Lugonu.
   122 | D        | Found a blossoming altar of Fedhas.
   123 | D        | Found a snail-covered altar of Cheibriados.
   124 | D        | Found a shadowy altar of Dithmenos.
   125 | D        | Found a stormy altar of Qazlal.
   126 | D        | Found an opulent altar of Gozag.
   127 | D        | Found a sacrificial altar of Ru.
   144 | D        | Got the +2 scimitar of Benevolence {pain, MR+ Str+6}
   234 | D        | Noticed a crimson imp
   234 | D        | Noticed a yak
   234 | D        | Noticed a hill giant
   234 | D        | Noticed a black bear
   234 | D        | Noticed a giant frog
   237 | D        | Killed a giant frog
   237 | D        | Reached skill level 10 in Long Blades
   237 | D        | Reached XP level 5. HP: 50/50 MP: 4/4
   239 | D        | Killed a black bear
   239 | D        | Reached skill level 5 in Armour
   239 | D        | Reached skill level 5 in Dodging
   242 | D        | Killed a hill giant
   242 | D        | Reached skill level 12 in Long Blades
   242 | D        | Reached XP level 6. HP: 66/66 MP: 5/5
   242 | D        | Reached XP level 7. HP: 71/71 MP: 6/6
   245 | D        | Killed a yak
   245 | D        | Reached ***** piety under Trog
   245 | D        | Reached skill level 10 in Fighting
   250 | D        | Killed a crimson imp
   371 | D        | Noticed a worker ant
   371 | D        | Noticed a hound
   371 | D        | Noticed a worker ant
   371 | D        | Noticed an ogre
   371 | D        | Noticed a giant frog
   373 | D        | Killed a giant frog
   377 | D        | Killed an ogre
   377 | D        | Reached XP level 8. HP: 81/81 MP: 7/7
   379 | D        | Killed a worker ant
   384 | D        | Killed a hound
   384 | D        | Received a gift from Trog
   389 | D        | Killed a worker ant
   389 | D        | Reached skill level 13 in Long Blades
   542 | D        | Noticed a spiny frog
   542 | D        | Noticed a yak
   542 | D        | Noticed a porcupine
   542 | D        | Noticed a black mamba
   542 | D        | Noticed a water moccasin
   542 | D        | Noticed a water moccasin
   546 | D        | Noticed a komodo dragon
   546 | D        | Killed a black mamba
   546 | D        | Reached skill level 10 in Armour
   548 | D        | Killed a water moccasin
   549 | D        | Noticed an iguana
   551 | D        | Killed a water moccasin
   551 | D        | Reached skill level 10 in Dodging
   552 | D        | Killed a porcupine
   556 | D        | Killed a yak
   557 | D        | Killed a spiny frog
   557 | D        | Reached skill level 14 in Long Blades
   557 | D        | Reached XP level 9. HP: 90/90 MP: 8/8
   559 | D        | Noticed a crocodile
   559 | D        | Killed a komodo dragon
   559 | D        | Reached ****** piety under Trog
   562 | D        | Killed an iguana
   568 | D        | Killed a crocodile
   568 | D        | Received a gift from Trog
   668 | D        | Noticed a fire drake
   668 | D        | Noticed a black mamba
   668 | D        | Noticed a porcupine
   668 | D        | Noticed a porcupine
   668 | D        | Noticed a komodo dragon
   668 | D        | Noticed a five-headed hydra
   672 | D        | Killed an eight-headed hydra
   675 | D        | Noticed a water moccasin
   675 | D        | Killed a komodo dragon
   675 | D        | Reached skill level 15 in Long Blades
   677 | D        | Killed a porcupine
   679 | D        | Killed a porcupine
   681 | D        | Killed a black mamba
   681 | D        | Reached XP level 10. HP: 102/102 MP: 9/9
   682 | D        | Noticed a spiny frog
   683 | D        | Killed a fire drake
   687 | D        | Killed a water moccasin
   687 | D        | Received a gift from Trog
   692 | D        | Killed a spiny frog
   916 | D        | Noticed a brain worm
   916 | D        | Noticed a brain worm
   916 | D        | Noticed a brain worm
   916 | D        | Noticed a lindwurm
   919 | D        | Killed a lindwurm
   920 | D        | Noticed a lindwurm
   922 | D        | Killed a brain worm
   923 | D        | Noticed a brain worm
   925 | D        | Killed a brain worm
   928 | D        | Killed a brain worm
   931 | D        | Received a gift from Trog
   934 | D        | Killed a lindwurm
   934 | D        | Reached skill level 16 in Long Blades
   937 | D        | Killed a brain worm
  1028 | D        | Noticed Eustachio
  1036 | D        | Killed Eustachio
  1101 | D        | Noticed an orc priest
  1101 | D        | Noticed an orc high priest
  1101 | D        | Noticed an orc priest
  1105 | D        | Killed an orc priest
  1111 | D        | Killed an orc high priest
  1111 | D        | Received a gift from Trog
  1111 | D        | Reached skill level 15 in Fighting
  1112 | D        | Noticed an orc priest
  1113 | D        | Killed an orc priest
  1117 | D        | Noticed an orc wizard
  1119 | D        | Noticed an orc wizard
  1120 | D        | Noticed an orc wizard
  1121 | D        | Killed an orc priest
  1123 | D        | Killed an orc wizard
  1125 | D        | Killed an orc wizard
  1125 | D        | Received a gift from Trog
  1129 | D        | Killed an orc wizard
  1176 | D        | Noticed an orc warrior
  1176 | D        | Noticed an orc warrior
  1176 | D        | Noticed an orc warrior
  1176 | D        | Noticed an orc warrior
  1178 | D        | Noticed an orc sorcerer
  1178 | D        | Killed an orc warrior
  1180 | D        | Killed an orc warrior
  1180 | D        | Received a gift from Trog
  1181 | D        | Noticed an orc warrior
  1183 | D        | Noticed an orc warrior
  1184 | D        | Killed an orc warrior
  1185 | D        | Noticed an orc knight
  1186 | D        | Killed an orc warrior
  1187 | D        | Noticed an orc warrior
  1187 | D        | Paralysed by an orc sorcerer for 2 turns
  1190 | D        | Killed an orc sorcerer
  1191 | D        | Killed an orc warrior
  1193 | D        | Noticed an orc warrior
  1194 | D        | Killed an orc knight
  1194 | D        | Received a gift from Trog
  1194 | D        | Reached skill level 15 in Armour
  1194 | D        | Reached XP level 11. HP: 109/113 MP: 4/10
  1198 | D        | Killed an orc warrior
  1200 | D        | Killed an orc warrior
  1200 | D        | Reached skill level 17 in Long Blades
  1204 | D        | Killed an orc warrior
  1222 | D        | Got an ancient falchion {god gift}
  1240 | D        | Identified the +10 falchion "Pevud" {drain, rElec Str+4} (Trog gifted it to you in the Dungeon)
  1297 | D        | Found Naihibom's Jewellery Boutique.
  1297 | D        | Noticed an orc knight
  1297 | D        | Noticed an orc high priest
  1297 | D        | Noticed an orc knight
  1297 | D        | Noticed an orc knight
  1304 | D        | Killed an orc knight
  1305 | D        | Noticed an orc sorcerer
  1310 | D        | Killed an orc knight
  1310 | D        | Received a gift from Trog
  1311 | D        | Found Pappamos's Gadget Shop.
  1315 | D        | Killed an orc high priest
  1316 | D        | Found Acifes's Distillery.
  1316 | D        | Noticed an orc high priest
  1319 | D        | Killed an orc knight
  1324 | D        | Killed an orc sorcerer
  1325 | D        | Noticed an orc sorcerer
  1325 | D        | Found Siarihoj's Assorted Antiques.
  1329 | D        | Noticed an orc knight
  1336 | D        | Noticed an orc knight
  1339 | D        | Received a gift from Trog
  1375 | D        | Killed an orc high priest
  1379 | D        | Killed an orc sorcerer
  1381 | D        | Killed an orc knight
  1386 | D        | Killed an orc knight
  1386 | D        | Reached skill level 15 in Dodging
  1387 | D        | Received a gift from Trog
  1453 | D        | Bought a potion of beneficial mutation for 490 gold pieces
  1455 | D        | Bought a potion of beneficial mutation for 945 gold pieces
  1458 | D        | Gained mutation: Your spells are a little harder to cast, but a little more powerful. [potion of beneficial mutation]
  1459 | D        | Gained mutation: You have an increased reservoir of magic (+10% MP). [potion of beneficial mutation]
  1469 | D        | Bought an uncursed ring of protection from fire for 250 gold pieces
  1943 | D        | Noticed a skeletal warrior
  1943 | D        | Noticed a centaur warrior
  1943 | D        | Noticed a tengu conjurer
  1943 | D        | Noticed a troll
  1943 | D        | Noticed a sky beast
  1945 | D        | Killed a sky beast
  1950 | D        | Killed a troll
  1951 | D        | Noticed a gargoyle
  1953 | D        | Killed a tengu conjurer
  1956 | D        | Noticed an eye of draining
  1957 | D        | Killed a centaur warrior
  1957 | D        | Received a gift from Trog
  1957 | D        | Reached skill level 18 in Long Blades
  1958 | D        | Noticed a black bear
  1966 | D        | Noticed a purple very ugly thing
  1967 | D        | Killed a skeletal warrior
  1968 | D        | Noticed a deep troll earth mage
  1969 | D        | Noticed an ice dragon
  1972 | D        | Killed a gargoyle
  1973 | D        | Noticed a rakshasa
  1974 | D        | a black bear changed into an eye of draining
  1975 | D        | Killed an eye of draining
  1981 | D        | Killed a purple very ugly thing
  1994 | D        | Killed a deep troll earth mage
  1994 | D        | Received a gift from Trog
  1994 | D        | HP: 3/117 [ice dragon/blast of cold (25)]
  1994 | D        | Killed from afar by an ice dragon (illusionary)

Vault maps used:
D:        linesprint

Action                   |  1- 3 |  4- 6 |  7- 9 | 10-12 || total
-------------------------+-------+-------+-------+-------++-------
Melee: Falchion          |    26 |     7 |    22 |    46 ||   101
       Great sword       |       |       |    31 |    65 ||    96
       Double sword      |       |       |       |    42 ||    42
Invok: Berserk           |     1 |     1 |     3 |     5 ||    10
       Brothers in Arms  |       |       |       |     2 ||     2
  Use: Scroll            |       |       |       |     4 ||     4
       Potion            |       |       |       |     2 ||     2
  Eat: Chunk             |       |       |     3 |     9 ||    12
       Fruit             |       |       |       |     2 ||     2
